 Dungeon Crawl Stone Soup version 0.31-a0-818-ge7c7cf74f0 (webtiles) character file.

Game seed: 13119526961436241080

35 Kurtz the Chopper (level 3, -3/26 HPs)
             Began as an Octopode Fighter on Sept 23, 2023.
             Slain by Grinder (9 damage)
             ... on level 3 of the Dungeon.
             The game lasted 00:01:01 (746 turns).

Kurtz the Chopper (Octopode Fighter)                 Turns: 746, Time: 00:01:02

Health: -3/26      AC:  1    Str: 17    XL:     3   Next: 33%
Magic:  3/3        EV: 13    Int: 10    God:
Gold:   42         SH:  4    Dex: 11    Spells: 2/2 levels left

rFire   . . .        a - +0 war axe
rCold   . . .        b - +0 buckler
rNeg    . . .        (helmet restricted)
rPois   .            (no amulet)
rElec   .            (no ring)
rCorr   .            (no ring)
SInv    .            (no ring)
Will    .....        (no ring)
Stlth   ++           (no ring)
HPRegen 0.24/turn    (no ring)
MPRegen 0.08/turn    (no ring)
                     (no ring)

%: no passive effects
@: no status effects
A: almost no armour, amphibious, 8 rings, camouflage 1, gelatinous body 1,
(nimble swimmer 1), tentacles
a: no special abilities


You were on level 3 of the Dungeon.
You visited 1 branch of the dungeon, and saw 3 of its levels.

You collected 42 gold pieces.

Inventory:

Hand Weapons
 a - a +0 war axe (weapon)
Armour
 b - a +0 buckler (worn)
Scrolls
 d - 2 scrolls of blinking {unknown}
 e - a scroll of fear {unknown}
 g - a scroll of enchant weapon {unknown}
 h - a scroll of revelation {unknown}
 i - a scroll of fog {unknown}
 j - a scroll of teleportation {unknown}
Potions
 c - a potion of might
 f - 2 potions of curing {unknown}
 k - a potion of brilliance {unknown}


   Skills:
 - Level 3.0 Fighting
 * Level 3.6 Axes
 - Level 3.0 Dodging
 - Level 3.0 Shields


You had 2 spell levels left.
You didn't know any spells.
Your spell library was empty.

Dungeon Overview and Level Annotations

Branches:
Dungeon (3/15)

Altars:

Shops:
D:1 [!

Annotations:
D:3 Grinder


Innate Abilities, Weirdness & Mutations

You cannot wear most types of armour.
You are amphibious.
You can wear up to eight rings at the same time.
Your skin changes colour to match your surroundings (Stealth+).
Your rubbery body absorbs attacks. (AC +1, EV +1)
((You are camouflaged when in or above water. (Stealth+)))
You have tentacles for arms and can constrict up to eight enemies at once.


Message History

Unknown command.
The orc shouts!
The orc hits you with a +0 dagger.
You hit the orc. Your grab misses the orc.
The orc is heavily wounded.
The orc barely misses you. x2
You slash the orc!
You kill the orc!
No target in view!
Things that are here:
a +0 dagger; an orc corpse You start resting.
HP restored.
Grinder and a ball python come into view.
The ball python hisses angrily.
Grinder shouts!
Grinder blinks!
You barely miss the ball python. Your grab misses the ball python.
The ball python bites you but does no damage.
The ball python closely misses you. The ball python bites you.
The ball python misses you.
There are monsters nearby!
You hit the ball python. You grab the ball python.
The ball python is severely wounded.
You constrict the ball python.
You kill the ball python!
Grinder is nearby!
Grinder gestures at you. Pain shoots through your body!
You see here a ball python corpse.
You barely miss Grinder. Your grab misses Grinder. Grinder hits you!
You hit Grinder. You grab Grinder.
Grinder is lightly wounded.
You constrict Grinder. Grinder hits you!
You writhe in agony.
* * * LOW HITPOINT WARNING * * *
Okay, then.
You completely miss Grinder.
Grinder is lightly wounded.
You constrict Grinder. Grinder hits you!
You die...
Grinder says, "Now the real fun starts!"

.......
#....####......
#.............
..... #.#...#
##...###.#...
##........#..#
#.....#...#5.#
#.#...#.#.#@.#
#............#
###..##.#.....##
####....##...##..#
.....##.######....#
...####.###....##.#
...##...#<..### ..#
...#.)#..)### #.#
...#)##.### ..


You could see Grinder.

Vanquished Creatures
  4 orcs (D:3)
  3 ball pythons
  3 endoplasms
  3 goblins
  4 hobgoblins
  A quokka (D:2)
  4 bats
  A frilled lizard (D:2)
  2 kobolds (D:1)
  3 rats
28 creatures vanquished.

Notes
Turn   | Place    | Note
-------+----------+-------------------------------------------
     0 | D:1      | Kurtz the Octopode Fighter began the quest for the Orb.
     0 | D:1      | Reached XP level 1. HP: 16/16 MP: 1/1
   123 | D:1      | Found Lusuyn's Antique Armour Shoppe.
   184 | D:1      | Found Cecyerew's Distillery.
   233 | D:1      | Reached XP level 2. HP: 15/21 MP: 2/2
   630 | D:2      | Reached XP level 3. HP: 16/26 MP: 3/3
   740 | D:3      | Noticed Grinder
   746 | D:3      | Slain by Grinder

Illustrated notes

Levels and vault maps discovered:
D:1:      spicycebolla_arrival_ecumenical, layout_rooms, serial_shops, shop,
          shop, chequers_serial_rivers_small_b, hex_tiny
D:2:      layout_basic
D:3:      cheibrodos_helix_gallery, layout_rooms,
          gammafunk_temple_overflow_statue, serial_shops, shop, uniq_grinder

Skill      XL: |  1  2 |
---------------+-------+-----
Axes           | 3 |  3.6
Fighting       | |  3.0
Dodging        | |  3.0
Shields        | |  3.0

Action                     || total
---------------------------++-------
  Melee: War axe           ||    55
         Constrict         ||    14
         Tentacles         ||     3
         Punch             ||     1
   Stab: Sleeping          ||     4
 Armour: Skin              ||    28
  Dodge: Dodged            ||    28
  Block: Buckler           ||     9

Table legend: (Time is in decaauts)
 A = Elapsed time spent in this place.
 B = Non-inter-level travel time spent in this place.
 C = Inter-level travel time spent in this place.
 D = Time resting spent in this place.
 E = Time spent auto-exploring this place.
 F = Levels seen in this place.
 G = Mean time per level.
                   A        B        C        D        E       F      G
               +--------+--------+--------+--------+--------+-----+--------+
         Total |    766 |    738 |     28 |     60 |    493 |   3 |  255.3 |
       Dungeon |    766 |    738 |     28 |     60 |    493 |   3 |  255.3 |
               +--------+--------+--------+--------+--------+-----+--------+

Top non-repeatable levels by time:
     D:1: 412 daAuts
     D:2: 234 daAuts
     D:3: 118 daAuts
